 Dungeon Crawl Stone Soup version 0.30.1-9-gdf580d7c3d (webtiles) character file.

Game seed: 16614373523172182572

1894694 LordWeiramon the Invulnerable (level 27, 228/228 HPs)
             Began as a Formicid Fighter on Sept 26, 2023.
             Was the Champion of Cheibriados.
             Escaped with the Orb
             ... and 3 runes on Sept 27, 2023!
             The game lasted 04:21:06 (56516 turns).

LordWeiramon the Invulnerable (Formicid Fighter)   Turns: 56516, Time: 04:21:07

Health: 228/228    AC: 54    Str: 57    XL:     27
Magic:  25/25      EV: 34    Int: 27    God:    Cheibriados [******]
Gold:   1289       SH: 24    Dex: 34    Spells: 21/26 levels left

rFire   + + .        a - +8 frozen axe "Frostbite" {freeze, freezing cloud, *Noise Fly rC+}
rCold   + + +        n - +2 shield of Resistance {rF++ rC++ Will++}
rNeg    + . .        q - +14 crystal plate armour {rC+}
rPois   +            (helmet unavailable)
rElec   +            g - scarf {rC+ rF+}
rCorr   .            k - +2 pair of gloves {hurl}
SInv    +            m - +3 pair of mountain boots {steadfast, rC+}
Will    ++++.        j - amulet "Fupnubod" {Reflect rElec rF- Str+4 Int+3 SH+5} Stlth
                     r - ring "Ydistue" {Drain rN+ Str+3 Int+2 Dex+6}
HPRegen 0.58/turn    C - ring of the Lotus Blossom {Fly rPois rC+ Str+2 Int-3}
MPRegen 0.19/turn

%: reflection
@: flying, studying Ranged Weapons, very slow
A: permanent stasis, dig shafts and tunnels, antennae 3, four strong arms,
deterioration 1, low MP 1, mutation resistance 1
0: Orb of Zot
}: 3/15 runes: barnacled, silver, gossamer
a: Dig, Shaft Self, Renounce Religion, Bend Time, Temporal Distortion, Slouch,
Step From Time


You escaped.
You worshipped Cheibriados.
Cheibriados was exalted by your worship.
You visited 10 branches of the dungeon, and saw 48 of its levels.
You also visited: Ice Cave, Volcano and Desolation.

You collected 7909 gold pieces.
You spent 6620 gold pieces at shops.

Inventory:

Hand Weapons
 a - the +8 frozen axe "Frostbite" (weapon) {freeze, freezing cloud, *Noise Fly rC+}
   (You took it off a deep elf death mage on level 3 of the Elven Halls)

   rC:        It protects you from cold.
   Fly:       It grants you flight.
   *Noise:    It may make noises in combat.
Missiles
 i - 11 silver boomerangs (quivered)
 G - 16 javelins
 J - 9 throwing nets
 M - 48 boomerangs
 Q - 14 silver javelins
Armour
 g - a scarf of resistance (worn)
 k - a +2 pair of gloves of hurling (worn)
 m - the +3 pair of mountain boots (worn) {steadfast, rC+}
   (You found it on level 4 of the Depths)

   Steadfast: It prevents involuntary movement, except for blinking,
   teleportation, or banishment.
   rC:        It protects you from cold.
 n - the +2 shield of Resistance (worn) {rF++ rC++ Will++}
   (You found it on level 1 of the Shoals)

   rF:        It greatly protects you from fire.
   rC:        It greatly protects you from cold.
   Will:      It greatly increases your willpower.
 p - the scarf "Dankume" {shadows, +Inv Dex+2 Slay+3}
   (You found it in the Desolation of Salt)

   Dex:       It affects your dexterity (+2).
   Slay:      It affects your accuracy & damage with ranged weapons and melee
   (+3).
   +Inv:      It lets you turn invisible.
 q - a +14 crystal plate armour of cold resistance (worn)
Jewellery
 h - the ring "Don Egak" {Contam rF+ rC+ Will+}
   (You found it in the Desolation of Salt)

   [ring of protection from cold]

   rF:        It protects you from fire.
   rC:        It protects you from cold.
   Contam:    It causes magical contamination when unequipped.
   Will:      It increases your willpower.
 j - the amulet "Fupnubod" (around neck) {Reflect rElec rF- Str+4 Int+3 SH+5}
   (You took it off a merfolk javelineer on level 4 of the Shoals)

   [amulet of reflection]

   It reflects blocked missile attacks.
   Str:       It affects your strength (+4).
   Int:       It affects your intelligence (+3).
   rF:        It makes you vulnerable to fire.
   rElec:     It insulates you from electricity.
   SH:        It affects your SH (+5).
 r - the ring "Ydistue" (left hand) {Drain rN+ Str+3 Int+2 Dex+6}
   (You bought it in a shop on level 2 of the Orcish Mines)

   [ring of dexterity]

   Str:       It affects your strength (+3).
   Int:       It affects your intelligence (+2).
   Dex:       It affects your dexterity (+6).
   rN:        It protects you from negative energy.
   Drain:     It drains your maximum health when unequipped.
 t - a ring of resist corrosion
 y - a +5 ring of evasion
 C - the ring of the Lotus Blossom (right hand) {Fly rPois rC+ Str+2 Int-3}
   (You bought it in a shop on level 3 of the Vaults)

   [ring of protection from cold]

   Str:       It affects your strength (+2).
   Int:       It affects your intelligence (-3).
   rC:        It protects you from cold.
   rPois:     It protects you from poison.
   Fly:       It grants you flight.
 H - the ring of Quithuic {+Blink Fly rN+ Str+4}
   (You bought it in a shop on level 2 of the Orcish Mines)

   [ring of flight]

   Str:       It affects your strength (+4).
   rN:        It protects you from negative energy.
   Fly:       It grants you flight.
   +Blink:    It lets you blink.
 P - a ring of protection from fire
Wands
 d - a wand of polymorph (16)
 f - a wand of mindburst (29)
 l - a wand of flame (80)
 u - a wand of charming (92)
 B - a wand of acid (7)
 W - a wand of roots (53)
 Y - a wand of digging (22)
Scrolls
 c - 3 scrolls of summoning
 o - 6 scrolls of magic mapping
 x - 9 scrolls of fog
 F - a scroll of poison
 I - a scroll of enchant armour
 K - 2 scrolls of silence
 T - 13 scrolls of fear
Potions
 b - 11 potions of might
 e - 8 potions of brilliance
 s - 11 potions of attraction
 v - 11 potions of heal wounds
 w - a potion of invisibility
 z - 4 potions of cancellation
 A - 13 potions of flight
 E - 13 potions of ambrosia
 L - 2 potions of magic
 U - 10 potions of mutation
 V - 25 potions of curing
 Z - 7 potions of resistance
Miscellaneous
 D - a phial of floods
 O - a lightning rod (4/4)


   Skills:
 - Level 21.3 Fighting
 - Level 5.2 Short Blades
 - Level 22.0 Axes
 - Level 3.2(14.8) Maces & Flails
 + Level 22.5 Throwing
 O Level 27 Armour
 - Level 22.0 Dodging
 - Level 15.0 Shields
 - Level 6.3 Invocations


You had 21 spell levels left.
You knew the following spells:

 Your Spells              Type           Power      Damage    Failure   Level
a - Silence               Hex/Air        0%         N/A       100%        5

Your spell library contained the following spells:

 Spells                   Type           Power      Damage    Failure   Level
 Foxfire                  Conj/Fire      0%         2x1d4     34%         1
 Freeze                   Ice            0%         1d3       34%         1
 Kiss of Death            Conj/Necr      0%         2d5       34%         1
 Magic Dart               Conj           0%         1d3       34%         1
 Sandblast                Erth           0%         2d4       34%         1
 Call Imp                 Summ           0%         N/A       47%         2
 Ensorcelled Hibernation  Hex/Ice        0%         N/A       47%         2
 Lesser Beckoning         Tloc           0%         N/A       47%         2
 Momentum Strike          Conj/Tloc      0%         3d8       47%         2
 Passwall                 Tmut/Erth      0%         N/A       47%         2
 Confusing Touch          Hex            0%         N/A       71%         3
 Dazzling Flash           Conj/Hex       0%         N/A       71%         3
 Frozen Ramparts          Ice            0%         1d1       71%         3
 Hailstorm                Conj/Ice       0%         3d3       71%         3
 Mephitic Cloud           Conj/Pois/Air  0%         N/A       71%         3
 Ozocubu's Armour         Ice            0%         N/A       71%         3
 Spider Form              Tmut/Pois      0%         N/A       71%         3
 Stone Arrow              Conj/Erth      0%         3d7       71%         3
 Anguish                  Hex/Necr       0%         N/A       98%         4
 Dispel Undead            Necr           0%         3d6       98%         4
 Ice Form                 Ice/Tmut       0%         N/A       98%         4
 Leda's Liquefaction      Hex/Erth       0%         N/A       98%         4
 Manifold Assault         Tloc           0%         N/A       98%         4
 Petrify                  Tmut/Erth      0%         N/A       98%         4
 Summon Lightning Spire   Summ/Air       0%         N/A       98%         4
 Agony                    Necr           0%         N/A       100%        5
 Blade Hands              Tmut           0%         N/A       100%        5
 Fireball                 Conj/Fire      0%         3d3       100%        5
 Irradiate                Conj/Tmut      0%         3d11      100%        5
 Lee's Rapid Deconstruct  Erth           0%         3d4*      100%        5
 Metabolic Englaciation   Hex/Ice        0%         N/A       100%        5
 Dispersal                Tloc           0%         N/A       100%        6
 Plasma Beam              Fire/Air       0%         2x1d11    100%        6
 Simulacrum               Ice/Necr       0%         N/A       100%        6
 Starburst                Conj/Fire      0%         6d3       100%        6
 Statue Form              Tmut/Erth      0%         N/A       100%        6
 Dragon Form              Tmut           0%         N/A       100%        7
 Ozocubu's Refrigeration  Ice            0%         4d7       100%        7
 Storm Form               Tmut/Air       0%         N/A       100%        7
 Disjunction              Tloc           0%         N/A       100%        8
 Maxwell's Capacitive Co  Air            0%         ∞         100%        8
 Shatter                  Erth           0%         3d5*      100%        9
 Blink                    Tloc           Unusable   N/A       N/A         2

Dungeon Overview and Level Annotations

Branches:
Dungeon (15/15)            Temple (1/1) D:7            Lair (5/5) D:8
 Shoals (4/4) Lair:3       Spider (4/4) Lair:3        Slime (0/5) Lair:5
    Orc (2/2) D:9             Elf (3/3) Orc:2        Vaults (5/5) D:13
  Crypt (0/3) Vaults:2     Depths (4/4) D:15            Zot (5/5) Depths:4
  IceCv (visited)         Volcano (visited)         Desolation (visited)

Altars:
Ashenzari
Cheibriados
Dithmenos
Elyvilon
Fedhas
Gozag
Hepliaklqana
Kikubaaqudgha
Makhleb
Nemelex Xobeh
Okawaru
Qazlal
Ru
Sif Muna
Trog
Uskayaw
Vehumet
Wu Jian
Xom
Yredelemnul
Zin
The Shining One
Jiyva

Shops:
D:2 [   D:6 ?   D:9 [   D:13 :   Orc:1 *   Orc:2 *=(:   Elf:1 (   Elf:2 !
Shoals:3 (   Vaults:3 =   Vaults:4 [   Vaults:5 [[   Depths:2 !

Portals:
Hell: Depths:1 Depths:2 Depths:3 Depths:4
Abyss: Depths:3
Pandemonium: Depths:2
Ziggurat: Depths:4
Trove: Elf:1 (give 7 scrolls of fog)

Annotations:
Shoals:1 6 transporters


Innate Abilities, Weirdness & Mutations

You cannot be hasted, slowed, berserked, paralysed or teleported.
You can dig through walls and to a lower floor.
You have a pair of large antennae on your head. (SInv)
Your four strong arms can wield two-handed weapons with a shield.
Your body sometimes deteriorates upon taking damage.
Your magical capacity is low. (-10% MP)
You are somewhat resistant to further mutation.


Message History

Aim: a profane servitor, wielding a +2 whip (almost destroyed, umbra, 60% to hit)
You throw a silver boomerang.
The silver boomerang hits the profane servitor!!!!
You destroy the profane servitor!
Cheibriados thoroughly appreciates the change of pace.
(D) Dungeon (T) Temple (L) Lair (A) Shoals (N) Spider Nest (M) Slime Pits (O) Orcish Mines (E) Elven Halls (V) Vaults (C) Crypt (U) Depths (H) Hell (Z) Zot
Where to? (Enter - D:1, ? - help)
There is a stone staircase leading up here.
You fly upwards.
There is a stone staircase leading down here.
There is a stone staircase leading up, spattered with blood here.
You fly upwards.
There is a stone staircase leading down here.
There is an open door here.
There is a stone staircase leading up here.
You fly upwards.
There is a stone staircase leading down here.
There is a stone staircase leading up here.
You fly upwards.
There is a stone staircase leading down here.
There is a stone staircase leading up here.
You fly upwards.
There is a stone staircase leading down here.
There is a stone staircase leading up, spattered with blood here.
You fly upwards.
There is a stone staircase leading down here.
There is a stone staircase leading up here.
You fly upwards.
There is a stone staircase leading down here.
There is an open door here.
There is an open door here.
An Iclih and an ice devil come into view.
You block the ice devil's attack. The ice devil misses you.
There is a staircase leading out of the dungeon here.
Iclih gestures.
You block the ice devil's attack.
You have escaped!

##...........### #.##.#.
######...#######..#########.##...
.........##...##............#####
######...#.###.#...###.####.#
#[..'.#8#.#...###.# #.#
##..#.'##.'.......# #.#
#..##...##...##### #.#
#######..#######&.r# #.#####
..............s.@4.# #......
###.##........s....# #######
#.#........##.##.#
#.#.####.#.##.##.# #...#
#.#.......# #.### #.######### #.#
#.# ###.######.# ...........#


You could see Iclih, a demonic crawler (summoned), an ice devil, a redback
(summoned) and a hell rat (summoned).

Vanquished Creatures
  A dread lich (Zot:5)
  3 ancient liches (Zot:5)
  A pandemonium lord (Zot:1)
  10 orbs of fire
  Sojobo (Vaults:4)
  Boris (twice) (Vaults:2 Depths:4)
  Saint Roka (Vaults:1)
  8 Killer Klowns
  Bai Suzhen (Vaults:4)
  Margery (Vaults:5)
  Parghit (Zot:1)
  2 caustic shrikes
  Nikola (Shoals:3)
  A profane servitor (D:8)
  16 golden dragons
  A bone dragon (Zot:1)
  Jory (Vaults:4)
  Arachne (Spider:4)
  A Tzitzimitl (Zot:5)
  3 electric golems
  2 Brimstone Fiends
  2 Ice Fiends (IceCv)
  Jorgrun (Shoals:2)
  13 tentacled monstrosities
  26 Orb Guardians
  A walking crystal tome (Depths:4)
  The ghost of Xafer the Impaler, an adept DsGl of Okawaru (Vaults:4)
  5 quicksilver dragons
  A lich (Depths:3)
  3 titans (Vaults:5)
  Asterion (Spider:3)
  3 deep elf blademasters
  2 deep elf master archers (Elf:3)
  The ghost of boopmooplesden the Tortoise, an adept AtFi of Trog (Spider:3)
  2 Executioners
  Polyphemus (Shoals:2)
  6 death cobs
  Frances (D:14)
  7 sphinxes
  2 walking frostbound tomes (Depths:4)
  4 krakens (Shoals:3)
  Kirke (Spider:3)
  9 tengu reavers
  Roxanne (Spider:3)
  10 draconian monks
  Donald (Shoals:2)
  14 shadow dragons
  23 storm dragons
  Ilsuiw (Shoals:3)
  5 draconian knights
  7 fire giants
  5 iron dragons
  9 deep elf sorcerers
  Aizul (Shoals:4)
  8 emperor scorpions
  5 frost giants
  2 draconian scorchers (Zot:2)
  3 imperial myrmidons (Desolation)
  3 draconian stormcallers
  8 ghost moths
  3 draconian annihilators (Depths:4)
  Louise (Shoals:2)
  4 deep elf elementalists (Elf:3)
  13 vault wardens
  A draconian shifter (Zot:2)
  15 stone giants
  2 orc warlords
  3 vampire knights
  3 war gargoyles (Vaults:5)
  21 ironbound preservers
  32 very ugly things
  A broodmother (Spider:1)
  8 deep elf demonologists
  4 ironbound thunderhulks
  16 green draconians
  3 halazid warlocks (Desolation)
  16 black draconians
  10 red draconians
  2 spark wasps
  3 eidola (D:14)
  2 deep elf annihilators
  13 white draconians
  15 dire elephants
  An iron golem (Depths:1)
  14 purple draconians
  3 yellow draconians
  8 deep elf death magi
  5 merfolk javelineers
  12 merfolk impalers
  7 fire dragons
  2 crystal guardians (Desolation)
  A blizzard demon (Zot:3)
  12 ettins
  17 yaktaur captains
  8 entropy weavers
  10 great orbs of eyes
  8 ragged hierophants (Desolation)
  4 rakshasas
  8 ice dragons
  3 deep elf high priests
  7 servants of whispers (Desolation)
  A catoblepas (shapeshifter) (Vaults:5)
  9 hydras
  4 ogre magi
  An alligator snapping turtle (Shoals:4)
  4 spriggan air magi
  33 vault guards
  5 radroaches (Spider:4)
  21 centaur warriors
  7 peacekeepers
  19 two-headed ogres
  3 boulder beetles
  8 ironbound frosthearts
  A two-headed ogre (shapeshifter) (Vaults:5)
  An alligator (Lair:3)
  27 dancing weapons
  Erica (Lair:1)
  A death knight (D:14)
  A satyr (Shoals:3)
  2 catoblepae
  8 death yaks
  7 tengu warriors
  A death scarab (Depths:3)
  5 deep troll earth magi (Depths:4)
  5 merfolk aquamancers
  6 spriggan berserkers
  A vampire mage (Depths:1)
  A deep troll shaman (Depths:4)
  A soul eater (Depths:2)
  6 hell knights (Vaults:5)
  Nergalle (D:10)
  20 deep elf knights
  7 skeletal warriors (D:14)
  6 skysharks
  3 iron trolls (Depths:4)
  3 sun demons (Volcano)
  2 sixfirhies (Depths:2)
  4 sea snakes
  Lodul (D:10)
  Amaemon (D:8)
  A death drake (shapeshifter) (Depths:2)
  37 deep trolls
  6 pharaoh ants
  A bog body (IceCv)
  A death drake (Depths:4)
  4 sun moths
  A goliath frog (Lair:3)
  3 glowing orange brains
  A shadow demon (Zot:5)
  19 ironbound convokers
  A swamp dragon (Lair:3)
  An orange crystal statue (IceCv)
  5 spectral wolf spiders (Spider:3)
  An obsidian statue (IceCv)
  5 spriggan simulacra (IceCv)
  A flayed ghost (Depths:3)
  9 lindwurms
  7 orb spiders
  15 deep elf archers
  35 harpies
  8 orc knights
  9 wizards
  A sphinx zombie (Vaults:4)
  An oklob plant (D:7)
  11 steelbarb worms
  7 phantasmal warriors
  6 necromancers
  41 ugly things
  24 deep elf pyromancers
  30 deep elf zephyrmancers
  A shadow dragon skeleton (Vaults:4)
  17 manticores
  3 wolf spider zombies
  6 orc sorcerers
  17 wolf spiders
  A salamander (Depths:3)
  A faun (Shoals:1)
  A shining eye (shapeshifter) (Vaults:5)
  9 cyclopes
  A human skeleton (Vaults:4)
  9 merfolk sirens
  25 moths of wrath
  17 vault sentinels
  A frost giant skeleton (Vaults:4)
  5 black mambas
  13 water nymphs
  2 ice statues (Spider:1)
  9 elephants
  12 centaur zombies
  4 guardian serpents (Desolation)
  3 smoke demons
  5 molten gargoyles
  16 torpor snails
  A gargoyle (D:14)
  2 naga magi (D:15)
  A hellion (Depths:2)
  19 cane toads
  An orange demon (D:8)
  A redback zombie (D:14)
  10 demonic crawlers
  19 yaktaurs
  An unseen horror (D:12)
  7 centaur skeletons
  A yaktaur (shapeshifter) (D:15)
  9 komodo dragons
  2 kobold demonologists (D:10)
  9 freezing wraiths
  13 rime drakes
  3 tengu conjurers
  A golden dragon simulacrum (IceCv)
  6 ice devils
  A meliai (shapeshifter) (Vaults:5)
  A tengu simulacrum (Vaults:4)
  15 trolls
  A queen bee (Lair:5)
  35 merfolk
  6 wolf spider simulacra (Spider:3)
  8 meliai
  13 hornets
  4 tyrant leeches (Lair:5)
  49 saltlings
  21 tarantellas
  6 dream sheep
  7 snapping turtles
  8 wind drakes
  A tyrant leech (shapeshifter) (Vaults:5)
  12 blink frogs
  3 large abominations (Zot:5)
  A meliai zombie (D:12)
  15 culicivoras
  10 slime creatures
  4 flying skulls (D:14)
  7 wraiths (D:12)
  A culicivora (shapeshifter) (Vaults:5)
  13 jumping spiders
  18 air elementals
  5 shadows
  7 wyverns
  2 dire elephant simulacra (IceCv)
  14 spriggans
  3 vampires
  29 water elementals
  5 fire elementals
  3 hogs (Spider:3)
  A hog (shapeshifter) (D:14)
  Eustachio (D:4)
  9 vampire mosquitoes
  3 basilisks
  42 yaks
  3 chaos spawn
  A minotaur simulacrum (IceCv)
  A yaktaur simulacrum (Vaults:4)
  2 harpy simulacra (IceCv)
  A neqoxec (Depths:2)
  58 redbacks
  8 steam dragons
  5 swamp worms
  A warg (shapeshifter) (Vaults:5)
  6 wargs
  3 acid dragons
  15 water moccasins
  2 hell hounds (Volcano)
  A swamp drake (Lair:3)
  21 orc warriors
  2 black bears
  2 sky beasts
  A human zombie (Vaults:4)
  An ettin simulacrum (IceCv)
  An ice beast (D:6)
  An alligator simulacrum (IceCv)
  A hornet zombie (D:14)
  3 boggarts (Lair:4)
  19 wolves
  33 ogres
  13 centaurs
  A phantom (D:2)
  3 kobold brigands
  13 bullfrogs
  3 deep troll simulacra (IceCv)
  A gnoll sergeant (D:5)
  7 scorpions
  2 earth elementals
  23 killer bees
  3 howler monkeys
  A lava snake (D:15)
  A human simulacrum (Vaults:4)
  2 hounds
  Crazy Yiuf (D:4)
  18 orc priests
  12 jellies
  A sleepcap (D:4)
  A gnoll bouda (D:9)
  Natasha (thrice) (D:4)
  26 orc wizards
  4 iguanas
  8 gnolls
  4 adders
  A shadow imp (D:7)
  2 white imps
  An ufetubus (D:3)
  3 worms
  2 dart slugs (D:5)
  59 orcs
  8 ball pythons
  4 bats
  14 endoplasms
  5 giant cockroaches
  8 goblins
  3 hobgoblins
  8 jackals
  13 kobolds
  4 quokkas (D:3)
  3 training dummies (Elf:1)
  3 frilled lizards
  7 rats
  A spectral weapon (Spider:3)
  16 tentacles (Shoals:3)
2285 creatures vanquished.

Vanquished Creatures (collateral kills)
  A death cob (Zot:1)
  A merfolk javelineer (Shoals:2)
  A merfolk (Shoals:2)
  A dream sheep (Shoals:2)
  A water elemental (Shoals:2)
5 creatures vanquished.

Vanquished Creatures (others)
  An ancient lich (Zot:5)
  A green draconian (Depths:4)
  A deep elf knight (Elf:1)
  A deep troll (Vaults:4)
  A deep elf pyromancer (Elf:1)
  A wolf spider (Spider:3)
  A torpor snail (Spider:4)
  A steam dragon (Volcano)
  An orc wizard (D:4)
  A butterfly (D:10)
  21 tentacles (Shoals:3)
31 creatures vanquished.

Grand Total: 2321 creatures vanquished

Notes
Turn   | Place    | Note
-------+----------+-------------------------------------------
     0 | D:1      | LordWeiramon the Formicid Fighter began the quest for the
                  | Orb.
     0 | D:1      | Reached XP level 1. HP: 18/18 MP: 1/1
   382 | D:1      | Reached XP level 2. HP: 25/25 MP: 2/2
   617 | D:1      | Reached XP level 3. HP: 25/31 MP: 3/3
  1088 | D:2      | Identified the +4 short sword of Sloth {elec, *Noise Int+5
                  | Dex+3}
  1163 | D:2      | Reached skill level 1 in Axes
  1382 | D:2      | Found Zumis's Antique Armour Emporium.
  1729 | D:3      | Noticed a phantom
  1750 | D:2      | Killed a phantom
  1751 | D:2      | Reached XP level 4. HP: 25/38 MP: 4/4
  1751 | D:2      | Reached XP level 5. HP: 28/43 MP: 5/5
  1861 | D:3      | Noticed an ogre
  2080 | D:3      | Found an opulent altar of Gozag.
  2681 | D:3      | Reached XP level 6. HP: 40/49 MP: 6/6
  2824 | D:4      | Reached skill level 5 in Axes
  2906 | D:4      | Found a sacrificial altar of Ru.
  2917 | D:4      | Noticed a black bear
  3032 | D:4      | Noticed Eustachio
  3050 | D:4      | Killed Eustachio
  3051 | D:4      | Reached XP level 7. HP: 41/55 MP: 7/7
  3234 | D:4      | You are sucked into a shaft and drop 1 floor!
  3234 | D:5      | Entered Level 5 of the Dungeon
  3703 | D:4      | Noticed Natasha
  3713 | D:4      | Killed Natasha
  3822 | D:4      | Found a shadowy altar of Dithmenos.
  4047 | D:4      | Found a runed translucent door.
  4048 | D:4      | Noticed Crazy Yiuf
  4155 | D:4      | Noticed Natasha
  4169 | D:4      | Killed Natasha
  4170 | D:4      | Reached XP level 8. HP: 37/61 MP: 8/8
  4254 | D:4      | Noticed Natasha
  4291 | D:4      | Killed Natasha
  5114 | D:5      | Reached skill level 5 in Fighting
  5320 | D:5      | Identified the +6 rapier of Hergh {elec, Contam rElec rN+
                  | Will+}
  6198 | D:2      | Bought a runed scarf for 208 gold pieces
  6346 | D:6      | Found Zoupn's Magic Scroll Shop.
  6353 | D:6      | Bought a scroll of fog for 40 gold pieces
  6405 | D:6      | Reached XP level 9. HP: 65/68 MP: 9/9
  6430 | D:6      | Reached skill level 5 in Short Blades
  6526 | D:6      | Reached skill level 4 in Armour
  6599 | D:6      | Bought a scroll of poison for 40 gold pieces
  6840 | D:6      | Reached skill level 5 in Armour
  6953 | D:6      | Found a stormy altar of Qazlal.
  7059 | D:6      | Reached skill level 1 in Dodging
  7425 | D:6      | Bought a scroll of identify for 20 gold pieces
  7821 | D:6      | Bought a scroll of identify for 20 gold pieces
  7943 | D:7      | Reached skill level 5 in Dodging
  7949 | D:7      | Found a staircase to the Ecumenical Temple.
  7958 | Temple   | Entered the Ecumenical Temple
  7968 | Temple   | Became a worshipper of Cheibriados the Contemplative
  8033 | D:7      | Reached skill level 1 in Throwing
  8130 | D:6      | Bought a scroll of magic mapping for 75 gold pieces
  8352 | D:7      | Reached XP level 10. HP: 71/74 MP: 10/10
  8702 | D:8      | Noticed a white ugly thing
  8720 | D:8      | Killed a white ugly thing
  8721 | D:8      | Reached skill level 7 in Armour
  8914 | D:8      | Reached * piety under Cheibriados
  9080 | D:8      | Noticed an orange demon
  9094 | D:8      | Killed an orange demon
  9095 | D:8      | Reached skill level 8 in Armour
  9102 | D:8      | Noticed Amaemon
  9126 | D:8      | Killed Amaemon
  9453 | D:8      | Found a staircase to the Lair.
  9573 | D:6      | Bought a scroll of identify for 20 gold pieces
  9573 | D:6      | Bought a scroll of identify for 20 gold pieces
  9574 | D:6      | Identified 2 scrolls of acquirement
  9578 | D:6      | Acquired an amulet of reflection
  9592 | D:6      | Acquired a +6 battleaxe of freezing
 10129 | D:9      | Reached XP level 11. HP: 63/81 MP: 11/11
 10240 | D:9      | Reached skill level 5 in Shields
 10245 | D:9      | Reached ** piety under Cheibriados
 10255 | D:9      | Found a staircase to the Orcish Mines.
 10273 | D:9      | Found Ythruh's Armour Shoppe.
 10273 | D:9      | Noticed a two-headed ogre
 10288 | D:9      | Killed a two-headed ogre
 10391 | D:9      | Reached skill level 1 in Invocations
 10826 | D:9      | Reached skill level 5 in Invocations
 10936 | D:9      | Learned a level 5 spell: Silence
 10947 | D:9      | Reached *** piety under Cheibriados
 11208 | D:7      | Noticed an oklob plant
 11364 | D:10     | Entered Level 10 of the Dungeon
 11386 | D:9      | Reached **** piety under Cheibriados
 11434 | D:10     | Noticed Lodul
 11571 | D:10     | Found a white marble altar of Elyvilon.
 11643 | D:9      | Bought a +0 pair of gloves for 45 gold pieces
 11688 | D:10     | Reached XP level 12. HP: 85/87 MP: 16/16
 11694 | D:10     | Noticed a soul eater
 11696 | D:10     | Reached skill level 10 in Shields
 11709 | D:10     | Killed Lodul
 11800 | D:10     | Noticed Nergalle
 11815 | D:10     | Killed Nergalle
 12007 | D:10     | Reached skill level 9 in Armour
 12221 | D:10     | Noticed a two-headed ogre
 12228 | D:10     | Killed a two-headed ogre
 12580 | D:6      | Bought a scroll of identify for 20 gold pieces
 12871 | D:11     | Identified the +1 short sword of Okawaru's Regard {elec,
                  | rPois MP-9 Str+6}
 12893 | D:11     | Reached skill level 10 in Armour
 13440 | Lair:1   | Entered Level 1 of the Lair of Beasts
 13480 | Lair:1   | Found the +4 skin of Zhor {*Englaciate rC+++ SInv}
 13509 | Lair:1   | Reached ***** piety under Cheibriados
 13518 | Lair:1   | Noticed Erica
 13526 | Lair:1   | Killed Erica
 13680 | Lair:1   | Acquired a manual of Axes
 14145 | Lair:2   | Noticed a skyshark
 14156 | Lair:1   | Reached skill level 10 in Axes
 14402 | Lair:2   | Killed a skyshark
 14682 | Lair:2   | Reached XP level 13. HP: 69/93 MP: 17/17
 15333 | Lair:2   | Gained mutation: You are weak. (Str -2) [mutagenic glow]
 15528 | Lair:3   | Reached skill level 15 in Axes
 15531 | Lair:3   | Noticed a six-headed hydra
 15646 | Lair:3   | Noticed a five-headed hydra
 15660 | Lair:3   | Killed a five-headed hydra
 15683 | Lair:3   | Found a hole to the Spider Nest.
 15688 | Lair:3   | Reached ****** piety under Cheibriados
 15825 | Lair:3   | You fall into a shaft and drop 2 floors!
 15825 | Lair:5   | Entered Level 5 of the Lair of Beasts
 15975 | Lair:5   | Found a runed translucent door.
 15977 | Lair:5   | Noticed a fire dragon
 16023 | Lair:5   | Reached XP level 14. HP: 100/100 MP: 18/18
 16122 | Lair:4   | Found a dark tunnel.
 16130 | Volcano  | Entered a volcano
 16740 | Lair:4   | Reached skill level 10 in Dodging
 16802 | Lair:4   | Identified the +4 chain mail of the Centipede {Fly}
 17655 | Lair:3   | Reached skill level 10 in Fighting
 17975 | Lair:3   | Found a staircase to the Shoals.
 18228 | Lair:3   | Reached XP level 15. HP: 98/115 MP: 19/19
 18838 | Lair:5   | Identified the +3 hand axe of Inquiry {holy, rPois rC+
                  | rCorr Int+4}
 18864 | Lair:5   | Found a staircase to the Slime Pits.
 18864 | Lair:5   | Found a viscous altar of Jiyva.
 20372 | D:4      | Killed Crazy Yiuf
 21279 | D:12     | Reached XP level 16. HP: 122/122 MP: 20/20
 21979 | D:13     | Found a gate to the Vaults.
 22087 | D:13     | Found Acwimak's Book Emporium.
 22396 | D:13     | Identified the +3 long sword of the Noxious God {flame, rC+
                  | Will+}
 22588 | D:14     | Reached XP level 17. HP: 128/128 MP: 21/21
 22616 | D:14     | Noticed Frances
 22633 | D:14     | Killed Frances
 23128 | D:14     | Reached XP level 18. HP: 143/143 MP: 22/22
 23293 | D:15     | Entered Level 15 of the Dungeon
 23384 | D:15     | Identified the +6 hand axe of Memaenoj {vamp, rElec rPois
                  | rC- Int-2}
 23978 | D:15     | Found a staircase to the Depths.
 24385 | Orc:1    | Entered Level 1 of the Orcish Mines
 24408 | Orc:1    | Reached skill level 15 in Fighting
 24522 | Orc:1    | Reached skill level 5 in Throwing
 24786 | Orc:1    | Found Xepp's Mass Market.
 24796 | Orc:1    | Bought the +4 tower shield of Hopscotch {Int+5 Stlth+} for
                  | 806 gold pieces
 24903 | Orc:2    | Entered Level 2 of the Orcish Mines
 24903 | Orc:2    | Found a staircase to the Elven Halls.
 25012 | Orc:2    | Found Xuli's Weapon Boutique.
 25017 | Orc:2    | Found Linn's Book Shop.
 25018 | Orc:2    | Found Bynoer's Jewellery Emporium.
 25032 | Orc:2    | Found Yxecekot's General Store.
 25546 | Orc:2    | Bought the ring "Ydistue" {Drain rN+ Str+3 Int+2 Dex+6} for
                  | 729 gold pieces
 25549 | Orc:2    | Bought the ring of Quithuic {+Blink Fly rN+ Str+4} for 617
                  | gold pieces
 25555 | Orc:2    | Bought a potion of resistance for 140 gold pieces
 25555 | Orc:2    | Bought a potion of flight for 42 gold pieces
 25555 | Orc:2    | Bought a potion of curing for 42 gold pieces
 25555 | Orc:2    | Bought a scroll of magic mapping for 105 gold pieces
 25719 | Shoals:1 | Entered Level 1 of the Shoals
 25730 | Shoals:1 | Found the +2 shield of Resistance {rF++ rC++ Will++}
 25850 | Shoals:1 | Found a transporter.
 25852 | Shoals:1 | Found a transporter.
 25865 | Shoals:1 | Found a transporter.
 25871 | Shoals:1 | Found a transporter.
 25885 | Shoals:1 | Found a transporter.
 25888 | Shoals:1 | Found a transporter.
 26477 | Shoals:2 | Noticed Polyphemus
 26493 | Shoals:2 | Killed Polyphemus
 26561 | Shoals:2 | Reached skill level 15 in Shields
 26783 | Shoals:2 | Noticed Jorgrun
 26792 | Shoals:2 | Killed Jorgrun
 26793 | Shoals:2 | Reached skill level 11 in Armour
 26948 | Shoals:2 | Reached XP level 19. HP: 155/155 MP: 23/23
 27033 | Shoals:2 | Noticed Donald
 27045 | Shoals:2 | Killed Donald
 27167 | Shoals:2 | Identified the +5 tower shield of Wusialos {*Corrode +Inv
                  | Regen+ Stlth-}
 27167 | Shoals:2 | Noticed Louise
 27173 | Shoals:2 | Killed Louise
 27534 | Shoals:3 | Reached skill level 12 in Armour
 27670 | Shoals:3 | Noticed Ilsuiw
 27707 | Shoals:3 | Killed Ilsuiw
 27836 | Shoals:3 | Reached skill level 13 in Armour
 27840 | Shoals:3 | Noticed Nikola
 27850 | Shoals:3 | Killed Nikola
 28085 | Shoals:3 | Reached skill level 14 in Armour
 28210 | Shoals:3 | Found Byecoen's Antique Weapon Shop.
 28570 | Shoals:4 | Entered Level 4 of the Shoals
 29020 | Shoals:4 | Identified the amulet "Fupnubod" {Reflect rElec rF- Str+4
                  | Int+3 SH+5}
 29207 | Shoals:4 | Noticed Aizul
 29221 | Shoals:4 | Killed Aizul
 29386 | Shoals:4 | Found an opulent altar of Gozag.
 29559 | Shoals:4 | Reached skill level 10 in Throwing
 29592 | Shoals:4 | Identified the ring of Gynwuga {Fly rC+}
 29626 | Shoals:4 | Reached XP level 20. HP: 92/162 MP: 24/24
 29996 | Shoals:4 | Got a barnacled rune of Zot
 30344 | Spider:1 | Entered Level 1 of the Spider Nest
 30414 | Spider:1 | Found a frozen archway.
 30473 | IceCv    | Entered an ice cave
 30824 | IceCv    | Noticed an Ice Fiend
 30840 | IceCv    | Killed an Ice Fiend
 30893 | IceCv    | Noticed an Ice Fiend
 30926 | IceCv    | Killed an Ice Fiend
 31379 | Spider:1 | Reached skill level 15 in Armour
 32184 | Spider:2 | Reached skill level 16 in Armour
 32997 | Spider:2 | Identified the +8 flail of Accord {drain, Dex+3}
 33341 | Spider:3 | Noticed Asterion
 33348 | Spider:3 | Killed Asterion
 33349 | Spider:3 | Reached skill level 17 in Armour
 33522 | Spider:3 | Noticed boopmooplesden's ghost (adept AtFi)
 33525 | Spider:3 | Found a runed translucent door.
 33526 | Spider:3 | Noticed Kirke
 33538 | Spider:3 | Killed Kirke
 33603 | Spider:3 | Killed boopmooplesden's ghost
 33669 | Spider:3 | Reached XP level 21. HP: 164/167 MP: 6/25
 33988 | Spider:3 | Identified Roxanne's Codex of Orogeny
 33988 | Spider:3 | Noticed Roxanne
 34011 | Spider:3 | Killed Roxanne
 34157 | Spider:4 | Entered Level 4 of the Spider Nest
 34176 | Spider:4 | Reached skill level 18 in Armour
 34494 | Spider:4 | Noticed Arachne
 34735 | Spider:4 | Killed Arachne
 35000 | Spider:4 | Reached skill level 19 in Armour
 35450 | Spider:4 | Got a gossamer rune of Zot
 35670 | Elf:1    | Entered Level 1 of the Elven Halls
 35814 | Elf:1    | Found a portal to a secret trove of treasure.
 36449 | Elf:1    | Found Wuemafedgh's Firing Range.
 36616 | Elf:1    | Reached skill level 20 in Armour
 37681 | Elf:2    | Reached skill level 21 in Armour
 37798 | Elf:2    | Reached XP level 22. HP: 175/175 MP: 22/26
 37967 | Elf:2    | Found Ipliely's Distillery.
 37975 | Elf:2    | Bought a potion of flight for 36 gold pieces
 37975 | Elf:2    | Bought a potion of mutation for 96 gold pieces
 37975 | Elf:2    | Bought 2 potions of curing for 72 gold pieces
 37975 | Elf:2    | Bought a potion of heal wounds for 60 gold pieces
 38060 | Elf:2    | Found a runed translucent gate.
 38061 | Elf:2    | Found a runed translucent gate.
 38061 | Elf:2    | Found a runed translucent gate.
 38658 | Elf:3    | Entered Level 3 of the Elven Halls
 38819 | Elf:3    | Found a runed translucent gate.
 38825 | Elf:3    | Reached XP level 23. HP: 181/181 MP: 27/27
 38926 | Elf:3    | Found a runed translucent gate.
 38927 | Elf:3    | Found a runed translucent gate.
 39600 | Elf:3    | Identified the +0 scale mail of Calculation {Str+2 Slay+3}
 39621 | Elf:3    | Identified the +8 short sword of Inconvenience {vamp,
                  | Will+}
 39708 | Elf:3    | Identified the staff of poison "Jupnyimu" {rPois Int+4
                  | Dex+4}
 39710 | Elf:3    | Identified the +0 robe of Mental Paralysis {+Blink rF+
                  | Str+2 Dex+2}
 39714 | Elf:3    | Identified the staff of poison "Lunykikk" {rPois Dex+3}
 39738 | Elf:3    | Identified the staff of poison "Loffobla" {rPois Will+
                  | Int+4}
 40107 | Vaults:1 | Entered Level 1 of the Vaults
 40107 | Vaults:1 | Noticed Saint Roka
 40122 | Vaults:1 | Killed Saint Roka
 40450 | Vaults:1 | Reached skill level 22 in Armour
 40453 | Vaults:1 | Reached XP level 24. HP: 173/188 MP: 27/27
 40779 | Vaults:1 | Identified the +3 chain mail of Honour {Int+9 Dex-3}
 40813 | Vaults:1 | Identified the +4 flail "Emeihed" {freeze, rPois rF+}
 41141 | Vaults:1 | Identified the ring "Nufichu" {Str+6 Dex+2}
 41277 | Vaults:1 | Reached skill level 23 in Armour
 41531 | Vaults:2 | Found a staircase to the Crypt.
 41531 | Vaults:2 | Found a basalt altar of Yredelemnul.
 41532 | Vaults:2 | Found an ancient bone altar of Kikubaaqudgha.
 41878 | Vaults:2 | Identified the +0 great mace of Supply {flame, Fly rF+
                  | Int+3}
 41923 | Vaults:2 | Noticed Boris
 41935 | Vaults:2 | Killed Boris
 41969 | Vaults:2 | Identified the +7 plate armour "Xino" {-Tele Fly rCorr
                  | Int+3 SInv}
 42432 | Vaults:3 | Found a crumbling gateway.
 42445 | Desolati | Entered the Desolation of Salt
 42497 | Desolati | Reached skill level 24 in Armour
 42565 | Desolati | Identified the +6 arbalest of Outrage {drain, rC++ rCorr
                  | Int-2 Stlth+}
 42666 | Desolati | Identified the ring "Don Egak" {Contam rF+ rC+ Will+}
 42847 | Desolati | Identified the +0 plate armour of the Forgotten People
                  | {rCorr}
 42850 | Desolati | Identified the +0 chain mail of the Lair of Beasts {+Inv
                  | rElec Str-2}
 42855 | Desolati | Identified the scarf "Dankume" {shadows, +Inv Dex+2 Slay+3}
 43275 | Vaults:3 | Reached skill level 25 in Armour
 43329 | Vaults:3 | Reached XP level 25. HP: 185/194 MP: 27/27
 43490 | Vaults:3 | Found Okeenag's Jewellery Shop.
 43496 | Vaults:3 | Bought the ring of the Lotus Blossom {Fly rPois rC+ Str+2
                  | Int-3} for 470 gold pieces
 43865 | Vaults:3 | Reached skill level 26 in Armour
 44392 | Vaults:4 | Reached skill level 27 in Armour
 44682 | Vaults:4 | Found Jaust's Antique Armour Shop.
 44686 | Vaults:4 | Bought a pair of runed gloves for 262 gold pieces
 44938 | Vaults:4 | Noticed Bai Suzhen
 44950 | Vaults:4 | Killed Bai Suzhen
 45036 | Vaults:4 | Found a runed translucent door.
 45037 | Vaults:4 | Noticed Xafer's ghost (adept DsGl)
 45056 | Vaults:4 | Killed Xafer's ghost
 45157 | Vaults:4 | Noticed Sojobo
 45169 | Vaults:4 | Killed Sojobo
 45224 | Vaults:4 | Noticed Jory
 45233 | Vaults:4 | Killed Jory
 45334 | Vaults:5 | Entered Level 5 of the Vaults
 45342 | Vaults:5 | Reached XP level 26. HP: 186/207 MP: 27/27
 45495 | Vaults:5 | Gained mutation: You are vulnerable to cold. (rC-) [a
                  | shining eye]
 46038 | Vaults:5 | Noticed Margery
 46042 | Vaults:5 | Killed Margery
 46580 | Vaults:5 | Found Tabyiwk's Antique Armour Shoppe.
 46584 | Vaults:5 | Got a silver rune of Zot
 46589 | Vaults:5 | Bought a pair of runed boots for 240 gold pieces
 46689 | Vaults:5 | Found Jalaimy's Antique Armour Emporium.
 47196 | Elf:1    | Bought 5 silver javelins for 855 gold pieces
 47196 | Elf:1    | Bought 6 javelins for 342 gold pieces
 47196 | Elf:1    | Bought 6 boomerangs for 228 gold pieces
 47196 | Elf:1    | Bought 5 silver boomerangs for 570 gold pieces
 47398 | Depths:1 | Entered Level 1 of the Depths
 47410 | Depths:1 | Reached XP level 27. HP: 215/228 MP: 27/27
 47915 | Depths:1 | Found a gateway to Hell.
 47993 | Depths:1 | Found a snail-covered altar of Cheibriados.
 48115 | Depths:2 | Found Jutrim's Distillery.
 48126 | Depths:2 | Bought a potion of mutation for 160 gold pieces
 48126 | Depths:2 | Bought a potion of might for 80 gold pieces
 48126 | Depths:2 | Bought a potion of mutation for 160 gold pieces
 48226 | Depths:2 | Reached skill level 15 in Throwing
 48580 | Depths:2 | Found a one-way gate leading to the halls of Pandemonium.
 48740 | Depths:3 | Found a one-way gate to the infinite horrors of the Abyss.
 49086 | Depths:3 | Identified the +6 quarterstaff of Isevvolu {heavy, Will+++
                  | Int+3 SInv Stlth+}
 49796 | Depths:4 | Entered Level 4 of the Depths
 49811 | Depths:4 | Noticed Boris
 49824 | Depths:4 | Killed Boris
 50147 | Depths:4 | Found a one-way gateway to a ziggurat.
 50162 | Depths:4 | Found a runed translucent door.
 50162 | Depths:4 | Found the +3 pair of mountain boots {steadfast, rC+}
 50189 | Depths:4 | Identified the staff of poison "Xywop" {rPois rF+ Int+4}
 50663 | Depths:4 | Found a glowing golden altar of the Shining One.
 50752 | Depths:4 | Found a gate to the Realm of Zot.
 50852 | Depths:4 | Identified the staff of death "Deruer" {rN+ Str+3}
 51154 | Zot:1    | Entered Level 1 of the Realm of Zot
 51324 | Zot:1    | Noticed a Killer Klown
 51343 | Zot:1    | Killed a Killer Klown
 51376 | Zot:1    | Noticed a Killer Klown
 51399 | Zot:1    | Noticed an orb of fire
 51407 | Zot:1    | Gained mutation: You are frail. (-10% HP) [an orb of fire]
 51411 | Zot:1    | Killed an orb of fire
 51421 | Zot:1    | Killed a Killer Klown
 51581 | Zot:1    | Identified the +2 robe "Peomp" {Regen+}
 51662 | Zot:1    | Noticed Parghit
 51687 | Zot:1    | Killed Parghit
 52450 | Zot:2    | Noticed a Killer Klown
 52463 | Zot:1    | Killed a Killer Klown
 52588 | Zot:2    | Identified the +8 morningstar of Purpose {heavy, rPois rF++
                  | rC-}
 54820 | Zot:5    | Entered Level 5 of the Realm of Zot
 54892 | Zot:5    | Noticed an orb of fire
 54907 | Zot:5    | Killed an orb of fire
 55115 | Zot:5    | Noticed an ancient lich
 55121 | Zot:5    | Killed an ancient lich
 55141 | Zot:5    | Noticed an orb of fire
 55146 | Zot:5    | Killed an orb of fire
 55152 | Zot:5    | Noticed a Killer Klown
 55245 | Zot:5    | Noticed an orb of fire
 55251 | Zot:5    | Noticed a Killer Klown
 55252 | Zot:5    | Gained mutation: Your body sometimes deteriorates upon
                  | taking damage. [an orb of fire]
 55253 | Zot:5    | Killed an orb of fire
 55253 | Zot:5    | Noticed an orb of fire
 55263 | Zot:5    | Gained mutation: You are dopey. (Int -2) [an orb of fire]
 55264 | Zot:5    | Killed an orb of fire
 55265 | Zot:5    | Noticed an ancient lich
 55273 | Zot:5    | Killed an ancient lich
 55304 | Zot:5    | Noticed a Killer Klown
 55304 | Zot:5    | Noticed an ancient lich
 55313 | Zot:5    | Killed a Killer Klown
 55327 | Zot:5    | Killed an ancient lich
 55356 | Zot:5    | Killed a Killer Klown
 55409 | Zot:5    | Killed a Killer Klown
 55516 | Zot:5    | Noticed a Killer Klown
 55518 | Zot:5    | Noticed an orb of fire
 55519 | Zot:5    | Killed a Killer Klown
 55523 | Zot:5    | Gained mutation: Your body often deteriorates upon taking
                  | damage. [an orb of fire]
 55523 | Zot:5    | Noticed an orb of fire
 55525 | Zot:5    | Killed an orb of fire
 55525 | Zot:5    | Noticed an orb of fire
 55528 | Zot:5    | Killed an orb of fire
 55528 | Zot:5    | Noticed an orb of fire
 55529 | Zot:5    | Gained mutation: You occasionally shout uncontrollably at
                  | your foes. [an orb of fire]
 55530 | Zot:5    | Noticed a Killer Klown
 55531 | Zot:5    | Killed an orb of fire
 55532 | Zot:5    | Noticed an orb of fire
 55532 | Zot:5    | Noticed a dread lich
 55534 | Zot:5    | Killed an orb of fire
 55537 | Zot:5    | Gained mutation: You are clumsy. (Dex -2) [an orb of fire]
 55540 | Zot:5    | Killed an orb of fire
 55540 | Zot:5    | Killed a dread lich
 55542 | Zot:5    | Killed a Killer Klown
 55717 | Zot:5    | Noticed an ancient lich
 55724 | Zot:5    | Killed an ancient lich
 55991 | Zot:5    | Lost mutation: You are frail. (-10% HP) [potion of
                  | mutation]
 55991 | Zot:5    | Lost mutation: Your body often deteriorates upon taking
                  | damage. [potion of mutation]
 55991 | Zot:5    | Lost mutation: You are clumsy. (Dex -2) [potion of
                  | mutation]
 55991 | Zot:5    | Lost mutation: You are weak. (Str -2) [potion of mutation]
 55991 | Zot:5    | Gained mutation: Your spells are a little harder to cast,
                  | but a little more powerful. [potion of mutation]
 55992 | Zot:5    | Lost mutation: You are vulnerable to cold. (rC-) [potion of
                  | mutation]
 55992 | Zot:5    | Lost mutation: Your spells are a little harder to cast, but
                  | a little more powerful. [potion of mutation]
 55992 | Zot:5    | Gained mutation: Your system is resistant to poisons.
                  | (rPois) [potion of mutation]
 55992 | Zot:5    | Gained mutation: You passively dampen the noise of your
                  | surroundings. [potion of mutation]
 55993 | Zot:5    | Lost mutation: You are dopey. (Int -2) [potion of mutation]
 55993 | Zot:5    | Lost mutation: Your system is resistant to poisons. (rPois)
                  | [potion of mutation]
 55993 | Zot:5    | Lost mutation: You passively dampen the noise of your
                  | surroundings. [potion of mutation]
 55993 | Zot:5    | Gained mutation: You are somewhat resistant to further
                  | mutation. [potion of mutation]
 55993 | Zot:5    | Gained mutation: You are resistant to electric shocks.
                  | (rElec) [potion of mutation]
 55994 | Zot:5    | Lost mutation: You occasionally shout uncontrollably at
                  | your foes. [potion of mutation]
 55994 | Zot:5    | Lost mutation: You are resistant to electric shocks.
                  | (rElec) [potion of mutation]
 55994 | Zot:5    | Gained mutation: Your magical capacity is low. (-10% MP)
                  | [potion of mutation]
 56040 | Zot:5    | Got the Orb of Zot
 56201 | Zot:1    | Noticed Ziorchon the pandemonium lord
 56213 | Zot:1    | Killed Ziorchon the pandemonium lord
 56513 | D:1      | Noticed Iclih the pandemonium lord
 56516 | D:$      | Escaped with the Orb!

Illustrated notes

Levels and vault maps discovered:
D:1:      minmay_arrival_stone_box, layout_loops_ring, minmay_hexomino_p4
D:2:      layout_loops_ring, serial_shops, nicolae_shop_waterfront
D:3:      minmay_chambers_of_threes, layout_basic, grunt_gozag_statues,
          serial_rivers, chequers_serial_rivers_marsh,
          chequers_serial_rivers_large_b, chequers_serial_rivers_small_b,
          chequers_serial_rivers_micro_d, item_on_display_a
D:4:      layout_basic, nicolae_ru_awakened_eye, grunt_dithmenos_smoke,
          dk_vineyard_1, uniq_eustachio, uniq_natasha, uniq_crazy_yiuf_cottage
D:5:      layout_rooms, chequers_serial_rivers_micro_b, minmay_between
D:6:      layout_gridville, grunt_qazlal_clouds, serial_shops,
          nicolae_shop_waterfront
D:7:      lemuel_slime, layout_basic, temple_fountains
D:8:      minmay_distorted_concentric_squares, layout_loops_ring,
          erik_lair_orcish_takeover, roderic_lattice_a, uniq_amaemon
D:9:      nzn_winding_woodlands_medium [nzn_winding_woodlands_5x5_open_star,
          nzn_winding_woodlands_5x15_pool, nzn_winding_woodlands_hourglass,
          nzn_winding_woodlands_5x5_default,
          nzn_winding_woodlands_center_triple_pond,
          nzn_winding_woodlands_5x5_default,
          nzn_winding_woodlands_5x5_checkerboard,
          nzn_winding_woodlands_5x15_lazy_stream,
          nzn_winding_woodlands_5x5_cross], layout_loops_cross, serial_shops,
          nicolae_stop_n_shop_2
D:10:     layout_stronghold, nicolae_elyvilon_peaceful_grove, uniq_nergalle,
          uniq_lodul
D:11:     layout_roguey, gauntlet_entry_generic
D:12:     layout_basic, serial_undead, serial_undead_d, serial_undead_d,
          serial_undead_f, serial_undead_e
D:13:     layout_roguey, hangedman_vaults_entry_quadrant_bands, serial_shops,
          shop, chequers_serial_rivers_micro_a, drop_trap,
          nicolae_straight_to_the_point
D:14:     hangedman_screamer, layout_loops_ring, nrook_campfire
D:15:     grunt_enter_depths_magical_seal, layout_gridville, moated_statue,
          serial_glass, glass_columns_a, glass_columns_b, feat_on_display,
          item_on_display_b, minmay_strange_pillars, grunt_decor_clamped,
          minivault_8
Temple:   sentei_temple_godly_chess
Lair:1:   wander_river, layout_hall_layers, hellmonk_guarded_unrand_zhor,
          uniq_erica
Lair:2:   layout_concentric_octagons, lemuel_fruit_tree
Lair:3:   onia_ninara_swampy_vault, layout_misc_corridors,
          elwin_shoals_entry_stream, hellmonk_spider_entry_not_the_bees
Lair:4:   kb_forest_paths, layout_gridlike, nicolae_volcano_entry_hallway,
          worms_lemuel
Lair:5:   hangedman_lair_in_review, layout_misc_corridors, wormcave,
          slime_entry_1, special_room [special_room_bee]
Shoals:1: layout_shoals, serial_nicolae_subway, nicolae_sub_station_crystal,
          nicolae_sub_station_metal, nicolae_sub_station_stone
Shoals:2: layout_shoals, uniq_louise, uniq_jorgrun, uniq_donald, uniq_polyphemus
Shoals:3: layout_shoals, serial_shops, shop, nicolae_shoals_kraken_party,
          uniq_nikola, uniq_ilsuiw
Shoals:4: shoals_end_hellmonk_storm_palace [storm_palace_center_circular,
          storm_palace_corner_narrow, storm_palace_corner_narrow,
          storm_palace_corner_altar, storm_palace_corner_grid], uniq_aizul
Spider:1: layout_cave_pods, portal_ice_cave_entry_ice_statue_two
Spider:2: layout_cave_pods, nicolae_spider_scorpion_nest, uniq_frances
Spider:3: layout_spider_delve, hellmonk_ghost_happy_afterlife,
          nicolae_spider_undead_wolf_pack, uniq_roxanne, uniq_asterion,
          uniq_kirke
Spider:4: hellmonk_spider_rune_bug_friends, uniq_arachne
Orc:1:    layout_caves, minmay_shop_mass, nicolae_orc_tapped_out
Orc:2:    st_orc_open, layout_caves
Elf:1:    eino_elf_arrival_shootout, layout_loops_corners, enter_trove_1,
          minivault_28, nicolae_shop_firing_range
Elf:2:    elven_hall_of_blades_hangedman_original
          [nicolae_blade_entry_hurt_lockers], layout_loops_ring, serial_shops,
          shop
Elf:3:    elf_hall, layout_loops_cross, nicolae_elf_hall_of_bonks
Vaults:1: nicolae_vaults_frosty_reception, nicolae_vaults_closet_pinwheel_5,
          dpeg_vaults_hating_casters, vaults_dpeg_hooks,
          nicolae_vaults_apartment_1, nicolae_vaults_trapezoid_lopsided_1,
          grunt_vaults_funnel, nicolae_vaults_network_quinsquares
          [nicolae_vaults_network_quincunx_subvault,
          nicolae_vaults_network_quincunx_subvault,
          nicolae_vaults_network_quincunx_subvault,
          nicolae_vaults_network_quincunx_subvault], ontoclasm_vaults_idyll,
          hangedman_vaults_trim, nicolae_vaults_weapon_check,
          vaults_room_semicircle, nicolae_vaults_little_squares_1,
          layout_vaults_omnicross, uniq_saint_roka
Vaults:2: nicolae_vaults_oval_intersection, minmay_crypt_entry_necro_gods,
          nicolae_vaults_tetromino_L_1, nicolae_vaults_network_s,
          nicolae_vaults_double_plus_1, nicolae_vaults_little_squares_1,
          nicolae_vaults_offset_grid_hallway_4, layout_vaults_omnigrid,
          uniq_boris
Vaults:3: portal_desolation_entry_salt, nicolae_vaults_closet_pinwheel_6,
          ontoclasm_vaults_eye, v_misc_11, v_alt_pattern_5, v_misc_22,
          nicolae_vaults_trapezoid_4, v_misc_3,
          nicolae_vaults_closet_pinwheel_1, nicolae_vaults_tetromino_T_2,
          nicolae_vaults_offset_grid_hallway_4, nicolae_vaults_little_squares_6,
          layout_vaults_omnibox, serial_shops, nicolae_diamond_shop
Vaults:4: ebering_ghost_reflecting_pool, vaults_mumra_hex,
          nicolae_vaults_trapezoid_layered, v_misc_2, nicolae_vaults_house_3,
          grunt_vaults_hallway_short, v_misc_1, vaults_mumra_hexcomb,
          nicolae_vaults_more_shelving_2, v_misc_18, nicolae_vaults_tangram_2,
          nicolae_vaults_apartment_1, vaults_room_pool,
          nicolae_vaults_octothorpe, layout_vaults_maze, serial_shops,
          nicolae_square_shop, uniq_jory, uniq_bai_suzhen, uniq_sojobo
Vaults:5: uniq_margery
Depths:1: layout_small_grid, hell_entry, hellmonk_bongcloud_opening,
          slow_altar_2, serial_bayou_shore_a
Depths:2: minmay_textured_paths, layout_cave_shapes, serial_shops,
          shop_fountains, minmay_misc_feat_room, grunt_pan_entry_in_and_out,
          hell_entry, infiniplex_staircase_pool_2
Depths:3: minmay_the_grid_3x2 [minmay_the_grid_stretched_grid,
          minmay_the_grid_empty, minmay_the_grid_rooms, minmay_the_grid_gridbox,
          minmay_the_grid_spin_star, minmay_the_grid_prize_trominoes],
          layout_basic, hell_entry, kennysheep_big_empty_room, abyss_entry,
          hellmonk_scarab_ruin, firewood_loft, infiniplex_staircase_trident
Depths:4: lemuel_castle_with_subvaults [lemuel_castle_interior_carwin_3],
          layout_cave_pools, enter_ziggurat_a, nicolae_tso_swordbearing_angel,
          hell_entry, serial_sigils_hangedman_carve, kennysheep_treasure_room
Zot:1:    grunt_zot_stairs_mandelzot, layout_basic, grunt_megastairs_4,
          uniq_parghit
Zot:2:    layout_onion
Zot:3:    layout_cellular_growth
Zot:4:    layout_gridlike
Zot:5:    layout_basic, st_stairs_2, bh_zot_lava_cross

Skill      XL: |  1  2  3  4  5  6  7  8  9 10 11 12 13 14 15 16 17 18 19 20 21 22 23 24 25 26 27 |
---------------+----------------------------------------------------------------------------------+-----
Fighting       | 4 5 6 10 13 15 16 21 | 21.3
Axes           | 3 4 6 7 8 9 12 17 20 21 22 | 22.0
Short Blades   | 4 5 |  5.2
Armour         | 5 8 10 11 14 17 21 22 25 27 | 27.0
Dodging        | 5 6 7 10 16 22 | 22.0
Throwing       | 3 4 5 10 12 13 22 | 22.5
Maces & Flails | 3 |  3.2
Shields        | 9 11 15 | 15.0
Invocations    | 6 |  6.3

Action                     |  1- 3 |  4- 6 |  7- 9 | 10-12 | 13-15 | 16-18 | 19-21 | 22-24 | 25-27 || total
---------------------------+-------+-------+-------+-------+-------+-------+-------+-------+-------++-------
  Melee: Rapier            |   142 |       |   193 |   654 |    58 |       |       |       |       ||  1047
         Short sword       |    16 |    15 |    48 |       |       |       |       |       |       ||    79
         Hand axe          |       |   141 |   145 |       |       |       |       |       |       ||   286
         Battleaxe         |       |       |       |       |   589 |   544 |  1220 |   184 |       ||  2537
         Demon whip        |       |       |       |       |    67 |       |       |       |       ||    67
         Executioner's axe |       |       |       |       |       |       |       |   356 |  1628 ||  1984
  Throw: Boomerang         |       |       |       |     8 |       |       |    74 |    49 |    84 ||   215
         Javelin           |       |       |       |       |       |       |       |    11 |    22 ||    33
 Invoke: Bend Time         |       |       |       |     1 |       |       |       |       |     1 ||     2
         Slouch            |       |       |       |       |       |     3 |     3 |       |       ||     6
         Temporal Distorti |       |       |       |       |       |       |     1 |     2 |     2 ||     5
Ability: Dig               |       |     1 |       |     1 |     4 |     2 |     1 |     2 |     1 ||    12
  Evoke: Wand              |       |       |     1 |       |       |       |     4 |       |     1 ||     6
    Use: Scroll            |     3 |     2 |     6 |    12 |     1 |     5 |    16 |     2 |     6 ||    53
         Potion            |       |     1 |     4 |     3 |       |     4 |     6 |     1 |     5 ||    24
   Stab: Petrified         |       |       |       |       |     3 |     5 |       |       |       ||     8
         Distracted        |       |       |       |       |     1 |       |     1 |     1 |       ||     3
         Petrifying        |       |       |       |       |     1 |       |       |       |       ||     1
         Fleeing           |       |       |       |       |       |       |     2 |       |       ||     2
         Held in net/web   |       |       |       |       |       |       |     2 |       |       ||     2
 Armour: Scale mail        |    49 |    61 |    72 |       |       |       |       |       |       ||   182
         Chain mail        |       |       |    12 |     5 |    64 |    75 |    68 |       |       ||   224
         Plate armour      |       |       |       |   124 |    27 |       |       |       |       ||   151
         Crystal plate arm |       |       |       |       |       |       |   121 |   155 |   499 ||   775
  Dodge: Dodged            |    61 |    54 |   203 |   291 |   292 |   340 |   570 |   272 |  1140 ||  3223
  Block: Buckler           |    42 |    37 |    77 |    75 |       |       |       |       |       ||   231
         Kite shield       |       |       |       |   416 |   600 |   541 |  1226 |   594 |  1784 ||  5161
         Reflection        |       |       |       |     3 |    12 |    65 |    76 |    67 |    87 ||   310
         Tower shield      |       |       |       |       |       |    92 |       |       |       ||    92
